 Dungeon Crawl Stone Soup version 0.29.1-4-g47bece8355 (webtiles) character file.

Game seed: 2522753215719668546

1039 Mitcholas the Trooper (level 8, -4/61 HPs)
             Began as a Djinni Conjurer on Dec 2, 2022.
             Was an Initiate of Makhleb.
             Slain by an orc wizard
             ... wielding a +3 dagger
              (5 damage)
             ... on level 6 of the Dungeon.
             The game lasted 00:21:05 (7028 turns).

Mitcholas the Trooper (Djinni Conjurer)             Turns: 7028, Time: 00:21:05

Health: -4/61      AC:  3    Str:  8    XL:     8   Next: 49%
Gold:   231        EV: 15    Int: 22    God:    Makhleb [......] SH:  0 Dex: 12

rFire   + + +      SeeInvis +   a - staff of fire
rCold   . . .      Faith    .   (no shield)
rNeg    . . .      Spirit   .   b - +0 leather armour
rPois   ∞          Reflect  .   (no helmet)
rElec   .          Harm     .   (no cloak)
rCorr   +          Rampage  .   (no gloves)
Will    .....                   (boots unavailable)
Stlth   +.........              (no amulet)
HPRegen 0.20/turn               q - ring of protection from cold
MPRegen 0.00/turn               y - ring "Axaep" {rCorr EV+4 Str+2 SInv}

@: confused, flying
A: sickness immunity, fire resistance 2, cold vulnerability 1, float, innate
caster, HP casting, extra vitality 1
a: Renounce Religion


You were on level 6 of the Dungeon.
You worshipped Makhleb.
Makhleb was noncommittal.
You visited 2 branches of the dungeon, and saw 7 of its levels.

You collected 231 gold pieces.

Inventory:

Missiles
 v - 2 throwing nets
Armour
 b - a +0 leather armour (worn)
Magical Staves
 a - a staff of fire (weapon)
Jewellery
 q - a ring of protection from cold (left hand)
 u - a ring of wizardry
 y - the ring "Axaep" (right hand) {rCorr EV+4 Str+2 SInv}
   (You found it on level 5 of the Dungeon)

   [ring of evasion]

   EV:        It affects your evasion (+4).
   Str:       It affects your strength (+2).
   SInv:      It lets you see invisible.
   rCorr:     It protects you from acid and corrosion.
 z - a ring of see invisible
Wands
 x - a wand of mindburst (19)
Scrolls
 c - 3 scrolls of vulnerability {unknown}
 d - 3 scrolls of identify {unknown}
 g - a scroll of noise {unknown}
 i - 2 scrolls of enchant armour {unknown}
 l - 2 scrolls of amnesia {unknown}
 o - a scroll of fear {unknown}
 p - 2 scrolls of magic mapping {unknown}
 s - a scroll of teleportation {unknown}
 w - a scroll of brand weapon {unknown}
Potions
 e - a potion of experience {unknown}
 f - a potion of haste {unknown}
 h - 2 potions of brilliance {unknown}
 j - a potion of berserk rage {unknown}
 k - a potion of flight {unknown}
 m - a potion of degeneration {unknown}
 n - 3 potions of cancellation {unknown}
 r - 5 potions of curing {unknown}
 t - 2 potions of ambrosia {unknown}


   Skills:
 * Level 5.7 Fighting
 + Level 3.9 Armour
 - Level 2.1 Dodging
 - Level 1.5 Stealth
 * Level 5.6 Spellcasting


You couldn't memorise any spells.
You knew the following spells:

 Your Spells              Type           Power      Damage    Failure   Level
a - Magic Dart            Conj           100%       1d8       1%          1
b - Searing Ray           Conj           60%        2d6       1%          2
c - Dazzling Flash        Conj/Hex       60%        N/A       4%          3
d - Fulminant Prism       Conj/Hex       15%        3d11      13%         4
e - Iskenderun's Mystic   Conj/Tloc      30%        2d8       13%         4
f - Freeze                Ice            100%       1d11      1%          1
g - Static Discharge      Conj/Air       30%        3-7/arc   1%          2
h - Conjure Flame         Conj/Fire      46%        6-21      4%          3
Your spell library was empty.

Dungeon Overview and Level Annotations

Branches:
Dungeon (6/15)             Temple (1/1) D:5

Altars:
Ashenzari
Cheibriados
Dithmenos
Elyvilon
Fedhas
Hepliaklqana
Makhleb
Nemelex Xobeh
Okawaru
Qazlal
Ru
Trog
Uskayaw
Wu Jian
Xom
Zin
The Shining One

Shops:
D:1 :((*   D:2 :


Innate Abilities, Weirdness & Mutations

You are immune to sickness and miasma.
You are immune to poison.
Your flesh is very heat resistant. (rF++)
You are vulnerable to cold. (rC-)
You float through the air rather than walking.
You learn spells naturally, not from books.
Your magical power is your life essence.
You have superior vitality. (+4 MHP)


Message History

You are engulfed in blazing flames.
You resist.
* * * LOW HITPOINT WARNING * * *
The black bear misses you. The black bear claws you.
* * * LOW HITPOINT WARNING * * *
The black bear claws you but does no damage.
Okay, then.
Found a ring mail.
You see here a +0 ring mail.
An orc wizard comes into view. It is wielding a +3 dagger.
The orc wizard shouts!
The steam dragon breathes steam at you. The ball of steam misses you.
A necrophage comes into view.
Something shouts, "Take thy face hence, thou gorbellied kobold-kissing deadneck!"
The steam dragon completely misses you. The steam dragon misses you.
The orc wizard casts a spell at you. The puff of flame hits you. You resist.
* * * LOW HITPOINT WARNING * * *
The steam dragon completely misses you. The steam dragon claws you.
* * * LOW HITPOINT WARNING * * *
The orc wizard casts a spell at you.
You are confused.
The steam dragon attacks as you move away!
The steam dragon closely misses you. x2; The necrophage closely misses you.
The orc wizard barely misses you.
The orc wizard hits you with a +3 dagger.
* * * LOW HITPOINT WARNING * * *
You bump into the rock wall.
The steam dragon closely misses you. x2
The necrophage completely misses you. The orc wizard barely misses you.
You're too confused to move!
The steam dragon breathes steam at you. The ball of steam hits you. You resist.
* * * LOW HITPOINT WARNING * * *
The necrophage misses you. The orc wizard misses you.
The necrophage attacks as you move away!
The necrophage hits you.
* * * LOW HITPOINT WARNING * * *
The orc wizard is engulfed in a cloud of scalding steam.
The orc wizard hits you with a +3 dagger.
You die...

##...# #...# #..o# ###...###
##...#######.>.....# ....[..##..
.......# ##...#.##.##.......#
#...#.##.####...#.#
#...#....####.n.#.#
#.......o..o..o##.#
....####....h.§D@§§############
###.# #.#########............#
#.# #.# #........###.# #.# #.#
#..#####.# #.# #.# #.#########Y.#
#.###.### #.# ##..)§§.D.....#
###..).....
###.###.#.###.Y..D..###..))).....
.......###.##.###...#.....###.###
##..#...#.......#...#.....###)#


You could see a steam dragon, a necrophage, 2 orc wizards and an orc.

Vanquished Creatures
  A black bear (D:4)
  An ogre (D:4)
  A centaur (D:5)
  A phantom (D:5)
  2 necrophages
  2 scorpions (D:4)
  2 hounds
  2 orc priests
  An iguana (D:5)
  2 jellies
  2 orc wizards (D:6)
  6 adders
  3 gnolls (D:4)
  5 dart slugs
  25 orcs
  3 ball pythons
  9 bats
  7 endoplasms
  2 giant cockroaches
  7 goblins
  5 hobgoblins
  3 jackals (D:1)
  8 quokkas
  A frilled lizard (D:2)
  10 kobolds
  6 rats
117 creatures vanquished.

Vanquished Creatures (others)
  3 fulminant prisms (D:4)
3 creatures vanquished.

Grand Total: 120 creatures vanquished

Notes
Turn   | Place    | Note
-------+----------+-------------------------------------------
     0 | D:1      | Mitcholas the Djinni Conjurer began the quest for the Orb.
     0 | D:1      | Mitcholas set off with the following spells memorised:
                  | Magic Dart, Searing Ray, Dazzling Flash, Fulminant Prism,
                  | Iskenderun's Mystic Blast.
     0 | D:1      | Reached XP level 1. HP: 15/15 MP: 0/0
    50 | D:1      | Found Kaunneod's Book Shoppe.
   297 | D:1      | Reached XP level 2. HP: 11/22 MP: 0/0
   530 | D:1      | Found Dutuf's Weapon Emporium.
   593 | D:1      | Found Liydugul's Assorted Antiques.
   666 | D:1      | Reached skill level 1 in Fighting
   954 | D:1      | Found Napn's Weapon Emporium.
  1775 | D:1      | Reached XP level 3. HP: 24/27 MP: 0/0
  1775 | D:1      | Learned a level 1 spell: Freeze
  2043 | D:2      | Reached skill level 1 in Armour
  2252 | D:2      | Found an iron altar of Okawaru.
  2316 | D:2      | Found a faded altar of an unknown god.
  2343 | D:2      | Reached XP level 4. HP: 29/33 MP: 0/0
  2534 | D:2      | Found Irreoru's Book Shop.
  2984 | D:3      | Reached XP level 5. HP: 34/39 MP: 0/0
  2984 | D:3      | Learned a level 2 spell: Static Discharge
  3747 | D:4      | Found a shadowy altar of Dithmenos.
  3873 | D:4      | Reached XP level 6. HP: 40/46 MP: 0/0
  3994 | D:4      | Noticed an ogre
  4022 | D:4      | Killed an ogre
  4290 | D:4      | Reached XP level 7. HP: 47/51 MP: 0/0
  4290 | D:4      | Learned a level 3 spell: Conjure Flame
  4365 | D:4      | Found a broken altar of Ashenzari.
  4952 | D:4      | Reached skill level 5 in Spellcasting
  5101 | D:5      | Entered Level 5 of the Dungeon
  5351 | D:5      | Found a staircase to the Ecumenical Temple.
  5364 | Temple   | Entered the Ecumenical Temple
  5570 | Temple   | Became a worshipper of Makhleb the Destroyer
  5641 | D:5      | Identified the +5 sling "Joeblec" {freeze, Fly rPois rF+
                  | Int-2}
  5721 | D:5      | Reached skill level 5 in Fighting
  5721 | D:5      | Reached XP level 8. HP: 27/59 MP: 0/0
  6011 | D:5      | Found a sparkling altar of Nemelex Xobeh.
  6534 | D:5      | Identified the ring "Axaep" {rCorr EV+4 Str+2 SInv}
  7003 | D:6      | HP: 3/61 [black bear (1)]
  7027 | D:6      | HP: 2/61 [steam dragon/ball of steam (3)]
  7028 | D:6      | Slain by an orc wizard

Illustrated notes

Levels and vault maps discovered:
D:1:      nicolae_arrival_somewhat_less_tricky_arrival, layout_basic,
          serial_shops, nicolae_shop_waterfront, nicolae_diamond_shop,
          nicolae_shop_hallway_stairs, shop_fountains, bh_walls_and_bars
D:2:      minmay_kobold_bridge, layout_basic, serial_shops, shop,
          chequers_ecumenical_altar_simple, basic_altar
D:3:      layout_basic, mainiacjoe_overflow_concentric_impassable
D:4:      layout_cave_pods, mainiacjoe_overflow_small_starburst,
          cheibrodos_ashenzari_chains, minmay_mini_jars
D:5:      layout_loops_ring, nemelex_diamond_rough_becter, temple_statues,
          minmay_holes
D:6:      layout_loops_ring, nicolae_benzene_ring
Temple:   eino_temple_scatter_basement

Skill      XL: |  1  2  3  4  5  6  7 |
---------------+----------------------+-----
Fighting       | 1 2 3 5 |  5.7
Armour         | 1 2 3 |  3.9
Spellcasting   | 4 5 |  5.6
Dodging        | |  2.1
Stealth        | |  1.5

Action                   |  1- 3 |  4- 6 |  7- 9 || total
-------------------------+-------+-------+-------++-------
Melee: Unarmed           |     1 |       |       ||     1
 Fire: Sling             |       |       |     9 ||     9
 Cast: Magic Dart        |    72 |   102 |    70 ||   244
       Searing Ray       |     4 |    10 |    14 ||    28
       Fulminant Prism   |       |     3 |       ||     3
       Iskenderun's Myst |       |     1 |     3 ||     4
       Conjure Flame     |       |       |     9 ||     9
Armor: Robe              |     4 |       |       ||     4
       Leather armour    |       |       |     9 ||     9
Dodge: Dodged            |    11 |     2 |    51 ||    64
